 Dungeon Crawl Stone Soup version 0.31-a0-44-g49d609d0da (webtiles) character file.

Game seed: 1614053897672631261

60 BlueFish the Charlatan (level 3, -2/29 HPs)
             Began as a Draconian Artificer on May 20, 2023.
             Slain by a gnoll
             ... wielding a +0 spear
              (4 damage)
             ... on level 2 of the Dungeon.
             The game lasted 00:03:19 (2012 turns).

BlueFish the Charlatan (Draconian Artificer)        Turns: 2012, Time: 00:03:20

Health: -2/29      AC:  5    Str: 14    XL:     3   Next: 80%
Magic:  3/3        EV: 12    Int: 13    God:
Gold:   147        SH:  0    Dex: 11    Spells: 2/2 levels left

rFire   . . .        l - +0 short sword
rCold   . . .        (no shield)
rNeg    . . .        (body armour unavailable)
rPois   .            (helmet restricted)
rElec   .            (no cloak)
rCorr   .            (no gloves)
SInv    .            (no boots)
Will    .....        (no amulet)
Stlth   ++           (no ring)
HPRegen 0.24/turn    (no ring)
MPRegen 0.08/turn

%: no passive effects
@: no status effects
A: AC +5, unfitting armour, cold-blooded
a: no special abilities


You were on level 2 of the Dungeon.
You visited 1 branch of the dungeon, and saw 2 of its levels.

You collected 147 gold pieces.

Inventory:

Hand Weapons
 a - a +0 club
 f - a +0 war axe
 k - a +0 hand axe
 l - a +0 short sword (weapon)
Jewellery
 h - an amulet of reflection
 t - a ring of fire
Wands
 b - a wand of flame (14) (quivered)
 c - a wand of charming (15)
 d - a wand of iceblast (5)
Scrolls
 e - a scroll of poison {unknown}
 g - a scroll of teleportation {unknown}
 i - a scroll of immolation {unknown}
 n - a scroll of fear {unknown}
 o - a scroll of identify {unknown}
 q - a scroll of blinking {unknown}
Potions
 j - a potion of heal wounds {unknown}
 m - 2 potions of might {unknown}
 p - a potion of flight {unknown}
 r - a potion of curing {unknown}
 s - a potion of resistance {unknown}


   Skills:
 + Level 2.1 Fighting
 + Level 2.7 Dodging
 + Level 2.0 Stealth
 + Level 3.5 Evocations


You had 2 spell levels left.
You didn't know any spells.
Your spell library contained the following spells:

 Spells                   Type           Power      Damage    Failure   Level
 Ensorcelled Hibernation  Hex/Ice        0%         N/A       43%         2
 Passwall                 Tmut/Erth      0%         N/A       43%         2
 Dazzling Flash           Conj/Hex       0%         N/A       67%         3
 Gell's Gravitas          Tloc           0%         N/A       67%         3
 Inner Flame              Hex/Fire       0%         N/A       67%         3
 Swiftness                Air            0%         N/A       67%         3
 Teleport Other           Tloc           0%         N/A       67%         3
 Flame Wave               Conj/Fire      0%         2d4       97%         4
 Sticky Flame             Conj/Fire      0%         2d3       97%         4
 Agony                    Necr           0%         N/A       100%        5
 Silence                  Hex/Air        0%         N/A       100%        5
 Dispersal                Tloc           0%         N/A       100%        6


Dungeon Overview and Level Annotations

Branches:
Dungeon (2/15)

Altars:
Nemelex Xobeh


Innate Abilities, Weirdness & Mutations

Your plain brown scales are hard. (AC +5)
You cannot fit into any form of body armour.
You are cold-blooded and may be slowed by cold attacks.


Message History

The gnoll is lightly wounded.
The gnoll hits you but does no damage.
You hit the gnoll but do no damage.
The gnoll is lightly wounded.
The gnoll hits you with a +0 spear.
You completely miss the gnoll.
The gnoll is lightly wounded.
The gnoll completely misses you.
You hit the gnoll but do no damage.
The gnoll is lightly wounded.
The gnoll hits you with a +0 spear.
You closely miss the gnoll.
The gnoll is lightly wounded.
The gnoll barely misses you.
You closely miss the gnoll.
The gnoll is lightly wounded.
The gnoll closely misses you.
You hit the gnoll.
The gnoll is lightly wounded.
The gnoll hits you with a +0 spear.
You hit the gnoll.
The gnoll is heavily wounded.
The gnoll hits you but does no damage.
You barely miss the gnoll.
The gnoll is heavily wounded.
The gnoll closely misses you.
You hit the gnoll but do no damage.
The gnoll is heavily wounded.
The gnoll hits you but does no damage.
You hit the gnoll.
The gnoll is heavily wounded.
The gnoll hits you with a +0 spear.
You hit the gnoll but do no damage.
Your tail-slap misses the gnoll.
The gnoll is heavily wounded.
The gnoll hits you with a +0 spear!
* * * LOW HITPOINT WARNING * * *
You hit the gnoll but do no damage. You tail-slap the gnoll.
The gnoll is severely wounded.
The gnoll hits you with a +0 spear.
You die...

####### #.....#
#.....# ########
#.....###......##
#.....##........##
#####..[.........#
##.@.........######
##.g.)...........##
#..........####..#
#...)......# ##..
##........## ###
##........##
#..........### #
#............#####
#..........#..)...


You could see a gnoll.

Vanquished Creatures
  A gnoll (D:2)
  An adder (D:2)
  A worm (D:2)
  A dart slug (D:1)
  An orc (D:2)
  3 ball pythons
  3 endoplasms
  A giant cockroach (D:1)
  4 goblins
  5 hobgoblins
  3 quokkas (D:1)
  4 bats
  A frilled lizard (D:1)
  A kobold (D:1)
  2 rats (D:2)
32 creatures vanquished.

Notes
Turn   | Place    | Note
-------+----------+-------------------------------------------
     0 | D:1      | BlueFish the Draconian Artificer began the quest for the
                  | Orb.
     0 | D:1      | Reached XP level 1. HP: 16/16 MP: 1/1
   125 | D:1      | Reached skill level 1 in Stealth
   618 | D:1      | Reached XP level 2. HP: 19/23 MP: 2/2
   638 | D:1      | Found a faded altar of an unknown god.
   799 | D:1      | You fall into a shaft and drop 1 floor!
   799 | D:2      | Found a sparkling altar of Nemelex Xobeh.
  1172 | D:2      | Reached XP level 3. HP: 17/29 MP: 3/3
  2012 | D:2      | Slain by a gnoll

Illustrated notes

Levels and vault maps discovered:
D:1:      heliophobic_arrival_glass_houses, layout_basic,
          ebering_ecumenical_altar_abandoned, serial_bayou_lagoon_a
D:2:      layout_rooms, basic_altar, minivault_4

Skill      XL: |  1  2  3 |
---------------+----------+-----
Stealth        | 1 2 |  2.0
Fighting       | 2 |  2.1
Dodging        | |  2.7
Evocations     | |  3.5

Action                     || total
---------------------------++-------
  Melee: Club              ||    12
         Hand axe          ||    10
         War axe           ||     4
         Tailslap          ||    12
         Short sword       ||   120
         Punch             ||     1
  Evoke: Wand              ||     1
   Stab: Sleeping          ||     1
 Armour: Skin              ||    40
  Dodge: Dodged            ||   107

Table legend: (Time is in decaauts)
 A = Elapsed time spent in this place.
 B = Non-inter-level travel time spent in this place.
 C = Inter-level travel time spent in this place.
 D = Time resting spent in this place.
 E = Time spent auto-exploring this place.
 F = Levels seen in this place.
 G = Mean time per level.
                   A        B        C        D        E       F      G
               +--------+--------+--------+--------+--------+-----+--------+
         Total |   2036 |   1918 |    118 |     62 |   1345 |   2 | 1018.0 |
       Dungeon |   2036 |   1918 |    118 |     62 |   1345 |   2 | 1018.0 |
               +--------+--------+--------+--------+--------+-----+--------+

Top non-repeatable levels by time:
     D:1: 1177 daAuts
     D:2: 859 daAuts
